 Dungeon Crawl Stone Soup version 0.32-a0-913-g739538afd8 (webtiles) character file.

Game seed: 12465678693856909246

79 Gargoyl the Trooper (level 4, -2/29 HPs)
             Began as a Gargoyle Berserker on Apr 9, 2024.
             Was a Follower of Trog.
             Killed by nerve-wracking pain
             ... invoked by Grinder
              (4 damage)
             ... on level 3 of the Dungeon.
             The game lasted 00:02:32 (1865 turns).

Gargoyl the Trooper (Gargoyle Berserker)            Turns: 1865, Time: 00:02:32

Health: -2/29      AC: 11    Str: 20    XL:     4   Next: 38%
Magic:  4/4        EV:  9    Int:  8    God:    Trog [*.....]
Gold:   101        SH:  0    Dex: 11    Spells: 3/3 levels left

rFire   + . .        a - +0 hand axe
rCold   + . .        (no shield)
rNeg    + . .        h - +0 scale mail
rPois   ∞            d - +0 helmet
rElec   +            (no cloak)
rCorr   +            (no gloves)
SInv    .            (no boots)
Will    .....        (no amulet) Stlth
                     (no ring)
HPRegen 0.24/turn    (no ring)
MPRegen 0.09/turn

%: no passive effects
@: resistant, on berserk cooldown, slowed, very slow
A: sickness immunity, AC +3, negative energy resistance 1, electricity
resistance, torment resistance 1, petrification resistance
a: Renounce Religion, Berserk


You were on level 3 of the Dungeon.
You worshipped Trog.
Trog was aware of your devotion.
You visited 1 branch of the dungeon, and saw 3 of its levels.

You collected 101 gold pieces.

Inventory:

Hand Weapons
 a - a +0 hand axe (weapon)
Armour
 d - a +0 helmet (worn)
 h - a +0 scale mail (worn)
Jewellery
 f - a ring of protection from cold
Scrolls
 g - a scroll of poison


   Skills:
 + Level 3.9 Fighting
 + Level 3.6 Axes
 + Level 2.5 Armour
 + Level 2.0 Dodging
 + Level 1.1 Stealth


You had 3 spell levels left.
You didn't know any spells.
Your spell library was empty.

Dungeon Overview and Level Annotations

Branches:
Dungeon (3/15)

Altars:

Shops:
D:1 [

Annotations:
D:3 Grinder


Innate Abilities, Weirdness & Mutations

You are immune to sickness and miasma.
Your stone body is resilient. (AC +3)
You are immune to poison.
You resist negative energy. (rN+)
You are resistant to electric shocks. (rElec)
You are resistant to unholy torment.
You are immune to petrification.


Message History

You hit Grinder.
Grinder is severely wounded.
Your skin stops crawling.
You feel less strong-willed. Grinder gestures at you.
Pain shoots through your body!
You hit Grinder.
Grinder is almost dead.
Grinder hits you. Grinder hits you!
* * * LOW HITPOINT WARNING * * *
You writhe in agony.
* * * LOW HITPOINT WARNING * * *
You closely miss Grinder.
Grinder is almost dead.
Grinder hits you.
* * * LOW HITPOINT WARNING * * *
You writhe in agony.
* * * LOW HITPOINT WARNING * * *
Grinder gestures at you.
You suddenly lose the ability to move!
Grinder completely misses you. Grinder hits you.
* * * LOW HITPOINT WARNING * * *
Grinder barely misses you. Grinder gestures at you.
You resist with significant effort.
You can move again.
It was a potion of resistance.
You feel protected. Grinder closely misses you.
Grinder hits you but does no damage.
You completely miss Grinder.
Grinder is severely wounded.
Grinder gestures at you.
You shrug off the repeated paralysis!
Okay, then.
You hit Grinder.
Grinder is almost dead.
Grinder gestures at you. Pain shoots through your body!
You die...
Grinder says, "Now the real fun starts!"

#...## #...?...
###..# #.....#
##.#
#.....####.
#.###..........
#.#.........[#
#.#>.........#
#.#.)........#
#.##)....###.
#.##..5@.###
#..#...........
##......#####.#
##.....#
#.....# ##....#
#....# ##..##
..#


You could see Grinder.

Vanquished Creatures
  2 adders
  A ribbon worm (D:2)
  2 dart slugs (D:2)
  An orc (D:3)
  2 ball pythons
  3 bats
  5 endoplasms
  3 giant cockroaches
  4 goblins (D:1)
  6 hobgoblins
  4 jackals (D:2)
  4 kobolds
  2 quokkas (D:1)
  4 frilled lizards
  4 rats
47 creatures vanquished.

Notes
Turn   | Place    | Note
-------+----------+-------------------------------------------
     0 | D:1      | Gargoyl the Gargoyle Berserker began the quest for the Orb.
     0 | D:1      | Reached XP level 1. HP: 14/14 MP: 1/1
    58 | D:1      | Found Haukhlan's Antique Armour Shop.
   156 | D:1      | Reached XP level 2. HP: 19/19 MP: 2/2
   750 | D:1      | Reached XP level 3. HP: 24/24 MP: 3/3
  1131 | D:2      | Identified the +2 robe of Creativity {Harm rC++ Int-2
                  | Dex+3}
  1425 | D:2      | Reached skill level 1 in Stealth
  1425 | D:2      | Reached XP level 4. HP: 22/29 MP: 4/4
  1584 | D:2      | Found the +5 robe of Misfortune {Harm *Corrode *Slow EV+5}
  1750 | D:3      | Noticed Grinder
  1790 | D:2      | Reached ** piety under Trog
  1858 | D:3      | Paralysed by Grinder for 5 turns
  1860 | D:3      | HP: 1/29 [Grinder (2)]
  1865 | D:3      | Killed from afar by Grinder

Illustrated notes

Levels and vault maps discovered:
D:1:      dpeg_arrival_rooms_with_view, layout_basic, serial_shops,
          nicolae_diamond_shop, hangedman_abyss_or_decor_lesser_grid
D:2:      layout_basic, serial_curves, eino_curves_01, eino_curves_04
D:3:      layout_rooms, nzn_hepliaklqana_mist_gate,
          chequers_ecumenical_altar_simple, amcnicky_mini_rare_corridor_liquid,
          wad_rectangle_vault, uniq_grinder

Skill      XL: |  1  2  3 |
---------------+----------+-----
Axes           | 3 |  3.6
Dodging        | 2 |  2.0
Stealth        | 1 |  1.1
Fighting       | |  3.9
Armour         | |  2.5

Action                     |  1- 3 |  4- 6 || total
---------------------------+-------+-------++-------
  Melee: Hand axe          |   112 |    46 ||   158
 Invoke: Berserk           |     3 |     2 ||     5
         Trog's Hand       |       |     1 ||     1
    Use: Scroll            |     1 |     3 ||     4
         Potion            |       |     1 ||     1
   Stab: Sleeping          |     2 |       ||     2
 Armour: Animal skin       |    49 |       ||    49
         Scale mail        |    23 |    48 ||    71
  Dodge: Dodged            |    92 |    24 ||   116

Table legend: (Time is in decaauts)
 A = Elapsed time spent in this place.
 B = Non-inter-level travel time spent in this place.
 C = Inter-level travel time spent in this place.
 D = Time resting spent in this place.
 E = Time spent auto-exploring this place.
 F = Levels seen in this place.
 G = Mean time per level.
                   A        B        C        D        E       F      G
               +--------+--------+--------+--------+--------+-----+--------+
         Total |   1926 |   1841 |     85 |     24 |   1299 |   3 |  642.0 |
       Dungeon |   1926 |   1841 |     85 |     24 |   1299 |   3 |  642.0 |
               +--------+--------+--------+--------+--------+-----+--------+

Top non-repeatable levels by time:
     D:1: 1121 daAuts
     D:2: 725 daAuts
     D:3: 80 daAuts
